 Dungeon Crawl Stone Soup version 0.23.2-1-ga50397a (webtiles) character file.

Game seed: 13903229622829364404

131 Gadfly the Magician (level 4, -1/25 HPs)
             Began as a Deep Elf Earth Elementalist on Apr 18, 2019.
             Killed from afar by an orc wizard (6 damage)
             ... with a puff of flame
             ... on level 3 of the Dungeon.
             The game lasted 00:05:25 (3054 turns).

Gadfly the Magician (Deep Elf Earth Elementalist)   Turns: 3054, Time: 00:05:26

Health: -1/25      AC:  3    Str:  5    XL:     4   Next: 91%
Magic:  6/12       EV: 14    Int: 21    God:
Gold:   113        SH:  0    Dex: 15    Spells: 1/11 levels left

rFire    . . .     SeeInvis .   j - +2 dagger (venom)
rCold    . . .     Gourm    .   (no shield)
rNeg     . . .     Faith    .   c - +1 robe
rPois    .         Spirit   .   (no helmet)
rElec    .         Reflect  .   (no cloak)
rCorr    .         Harm     .   (no gloves)
MR       +....                  (no boots)
Stlth    ++........             (no amulet)
HPRegen  0.08/turn              i - ring of protection from magic
MPRegen  0.13/turn              (no ring)

@: no status effects
A: no striking features
a: no special abilities


You were on level 3 of the Dungeon.
You were not hungry.

You visited 1 branch of the dungeon, and saw 3 of its levels.

You collected 113 gold pieces.

Inventory:

Hand Weapons
 j - a +2 dagger of venom (weapon)
Missiles
 b - 124 stones (quivered)
Armour
 c - a +1 robe (worn)
Jewellery
 i - a ring of protection from magic (left hand)
Scrolls
 f - a scroll of teleportation
 k - 2 scrolls of identify
Potions
 a - a potion of agility
 e - 2 potions of magic {unknown}
 h - a potion of ambrosia {unknown}
 l - a potion of heal wounds
 m - a potion of brilliance {unknown}
Comestibles
 d - 4 rations
 g - a chunk of flesh


   Skills:
 + Level 1.0 Fighting
 * Level 3.7 Dodging
 - Level 2.4 Stealth
 * Level 4.2 Spellcasting
 * Level 1.7 Conjurations
 - Level 1.1 Transmutations
 * Level 4.1 Earth Magic


You had one spell level left.
You knew the following spells:

 Your Spells              Type           Power        Failure   Level  Hunger
a - Sandblast             Erth           ###...       2%          1    None
b - Stone Arrow           Conj/Erth      ###...       11%         3    ###....
c - Passwall              Tmut/Erth      ###.....     6%          2    #......
d - Petrify               Tmut/Erth      ###.....     36%         4    ####...

Your spell library contained the following spells:

 Spells                   Type           Power        Failure   Level  Hunger
 Lee's Rapid Deconstruct  Erth           ###.......   52%         5    ######.


Dungeon Overview and Level Annotations

Branches:
Dungeon (3/15)

Altars:
Fedhas
Makhleb
Sif Muna


Message History

The blast of sand hits the orc wizard but does no damage.
The orc wizard is almost dead.
b - 125 stones The orc wizard gestures wildly while chanting.
The orc wizard blinks!
The orc wizard casts a spell at you. The magic dart hits you.
* * * LOW HITPOINT WARNING * * *
There is an open door here.
Casting: Sandblast (safe; 2% risk of failure)
Confirm with . or Enter, or press ? or * to list all spells.
Aiming: Sandblast (safe; 2% risk of failure)
Press: ? - help, Shift-Dir - straight line, f/p - orc wizard
Aim: an orc wizard, wielding a +2 dagger of protection and wearing a +0 robe (almost dead)
The blast of sand hits the orc wizard.
You kill the orc wizard!
b - 124 stones The orc wizard gestures at you while chanting.
The puff of flame hits you.
You die...

.#########.....# #.............
.#.............#####.....########
.#.##...........................
.#.##........#######.....#######
.#.##.......###.o.##.....#
.#.##........##≈§≈##.....#
.#.##......#.##...##.....#
.#...........##..)##.....#
...........#.###@###.....#
......######.#.8.8.#.....#
..........##.#.._..#.....#
..........#####...#####.#######
..........###.##.###..........#
...................#..........#
......#........)...#.............
......#...........)#.............
......#............#.............


You could see an orc wizard.

Vanquished Creatures
  An orc wizard (D:3)
  4 adders
  An ooze (D:2)
  2 worms (D:3)
  4 dart slugs
  3 leopard geckos
  An orc (D:2)
  3 ball pythons
  7 bats
  3 giant cockroaches
  9 goblins
  7 hobgoblins
  2 jackals (D:3)
  A quokka (D:2)
  3 frilled lizards
  5 kobolds
  5 rats
61 creatures vanquished.

Notes
Turn   | Place    | Note
-------+----------+-------------------------------------------
     0 | D:1      | Gadfly the Deep Elf Earth Elementalist began the quest for
                  | the Orb.
     0 | D:1      | Reached XP level 1. HP: 10/10 MP: 6/6
   415 | D:1      | Reached XP level 2. HP: 15/15 MP: 4/8
  1084 | D:2      | Reached XP level 3. HP: 18/20 MP: 10/10
  1089 | D:2      | Learned a level 3 spell: Stone Arrow
  1092 | D:2      | Learned a level 2 spell: Passwall
  1153 | D:2      | Found a faded altar of an unknown god.
  1442 | D:2      | Reached XP level 4. HP: 8/24 MP: 9/11
  1637 | D:2      | Learned a level 4 spell: Petrify
  2287 | D:3      | Reached skill level 1 in Conjurations
  2328 | D:3      | Reached skill level 1 in Fighting
  2745 | D:3      | Found a blossoming altar of Fedhas.
  2747 | D:3      | Found a burning altar of Makhleb.
  2935 | D:3      | Found a deep blue altar of Sif Muna.
  3054 | D:3      | Killed from afar by an orc wizard

Skill      XL: |  1  2  3  4 |
---------------+-------------+-----
Dodging        | 3 |  3.7
Earth Magic    | 4 |  4.1
Spellcasting   | 4 |  4.2
Conjurations   | 1 |  1.7
Fighting       | 1 |  1.0
Stealth        | |  2.4
Transmutations | |  1.1

Action                   |  1- 3 |  4- 6 || total
-------------------------+-------+-------++-------
Melee: Whip              |    57 |    13 ||    70
       Dagger            |       |    38 ||    38
 Cast: Sandblast         |    28 |    13 ||    41
       Stone Arrow       |     3 |     5 ||     8
  Use: Scroll            |     4 |     5 ||     9
       Potion            |       |     1 ||     1
 Stab: Sleeping          |       |     5 ||     5
  Eat: Chunk             |     2 |     5 ||     7
Armor: Robe              |    14 |    16 ||    30
Dodge: Dodged            |    48 |    30 ||    78
